 Dungeon Crawl Stone Soup version 0.21.1-1-g345015f (webtiles) character file.

219 Monsterracer the Shooter (level 5, 0/44 HPs)
             Began as a Demigod Arcane Marksman on Feb 13, 2018.
             Slain by a gnoll (6 damage)
             ... on level 3 of the Dungeon.
             The game lasted 00:04:52 (3393 turns).

Monsterracer the Shooter (Demigod Arcane Marksman)  Turns: 3393, Time: 00:04:53

Health: 0/44       AC:  5    Str: 15    XL:     5   Next: 36%
Magic:  9/9        EV: 10    Int: 17    God:
Gold:   97         SH:  0    Dex: 16    Spells: 2/6 levels left

rFire    . . .     SeeInvis .   a - +0 shortbow
rCold    . . .     Gourm    .   (shield currently unavailable)
rNeg     . . .     Faith    .   i - +0 ring mail
rPois    .         Spirit   .   (no helmet)
rElec    .         Reflect  .   (no cloak)
rCorr    .         Harm     .   (no gloves)
MR       .....                  (no boots)
Stlth    +.........             e - amulet of regeneration
HPRegen  0.54/turn              (no ring)
MPRegen  0.11/turn              (no ring)

@: heavily drained
A: high mp 1
a: no special abilities


You were on level 3 of the Dungeon.
You were very hungry.

You visited 1 branch of the dungeon, and saw 4 of its levels.

You collected 97 gold pieces.

Inventory:

Hand Weapons
 a - a +0 shortbow (weapon)
 b - a +2 falchion of slicing
Missiles
 d - 18 arrows (quivered)
Armour
 i - a +0 ring mail (worn)
 m - a +0 chain mail
Jewellery
 e - an amulet of regeneration (around neck)
Scrolls
 f - a scroll of amnesia {unknown}
 g - 4 scrolls of identify {unknown}
 h - 2 scrolls of teleportation {unknown}
 j - a scroll of remove curse {unknown}
 k - a scroll of fog {unknown}
Comestibles
 c - 4 rations


   Skills:
 + Level 2.9(0.3) Fighting
 * Level 4.5(1.8) Bows
 + Level 1.8(0.0) Dodging
 - Level 1.0(0.0) Spellcasting
 - Level 2.6(0.1) Hexes


You had 2 spell levels left.
You knew the following spells:

 Your Spells              Type           Power        Failure   Level  Hunger
a - Corona                Hex            #......      41%         1    ##.....
c - Portal Projectile     Hex/Tloc       #.....       80%         3    ####...


Dungeon Overview and Level Annotations

Branches:
Dungeon (4/15)
 Temple: D:4-7


Innate Abilities, Weirdness & Mutations

You have an increased reservoir of magic. (+10% MP)


Message History

There is a stone staircase leading down here.
You climb downwards.
A leopard gecko, a jackal, a gnoll and a gnoll shaman come into view.
The leopard gecko hisses angrily.
The gnoll shaman shouts!
The gnoll shouts!
You hear a shout! x3; You hear an angry hiss.
You hear a shout! x2
Found 12 gold pieces and a scroll labeled GOEQ LI GUMUID.
There is a stone staircase leading up here.
There are monsters nearby!
You closely miss the leopard gecko.
You hear a shout!
You hear an angry hiss.
The leopard gecko barely misses you. The jackal bites you.
A gnoll comes into view. It is wielding a spear.
You take 2 damage, and have 42/44 hp.
The leopard gecko barely misses you.
You riposte.
You miss the leopard gecko. The jackal bites you.
You climb upwards.
There is a stone staircase leading down here.
You take 1 damage, and have 41/44 hp.
You barely miss the jackal.
The jackal bites you but does no damage.
The leopard gecko barely misses you.
The jackal bites you but does no damage.
The leopard gecko barely misses you.
You slash the jackal!
You kill the jackal!
The leopard gecko barely misses you.
You closely miss the leopard gecko. The leopard gecko barely misses you.
The leopard gecko closely misses you.
You riposte.
You hit the leopard gecko.
The leopard gecko is severely wounded.
You closely miss the leopard gecko.
The leopard gecko is severely wounded.
The leopard gecko barely misses you. x2; You riposte.
You closely miss the leopard gecko.
The leopard gecko is severely wounded.
Health restored: 44 You completely miss the leopard gecko.
The leopard gecko is severely wounded.
The leopard gecko barely misses you.
You riposte.
You hit the leopard gecko.
You kill the leopard gecko!
No target in view!
No target in view!
You climb downwards.
A gnoll comes into view.
The gnoll hits you but does no damage. x2
There is a stone staircase leading up here.
The gnoll hits you with a spear. The gnoll hits you.
You climb upwards.
There is a stone staircase leading down here.
You take 5 damage, and have 39/44 hp.
You hit the gnoll but do no damage. The gnoll hits you with a spear!
The gnoll hits you. The gnoll closely misses you.
You riposte.
You closely miss the gnoll. The gnoll barely misses you.
You take 12 damage, and have 27/44 hp.
MASSIVE DAMAGE!!
You are too injured to fight recklessly!
You are too injured to fight recklessly!
You hit the gnoll.
The gnoll is moderately wounded.
The gnoll hits you with a spear. The gnoll hits you.
You take 3 damage, and have 24/44 hp.
You hit the gnoll.
The gnoll is severely wounded.
The gnoll hits you with a spear.
* * * LOW HITPOINT WARNING * * *
The gnoll hits you.
* * * LOW HITPOINT WARNING * * *
You take 8 damage, and have 16/44 hp.
a - a +0 shortbow (weapon)
The gnoll hits you with a spear.
* * * LOW HITPOINT WARNING * * *
The gnoll hits you but does no damage.
You take 5 damage, and have 11/44 hp.
Firing (i - inventory):
d - 22 arrows (quivered)
Press: ? - help, Shift-Dir - straight line, f - gnoll
Aim: a gnoll, wielding a spear (severely wounded)
You shoot an arrow. The arrow hits the gnoll.
The gnoll is almost dead.
The gnoll hits you but does no damage. The gnoll closely misses you.
Firing (i - inventory):
d - 21 arrows (quivered)
Press: ? - help, Shift-Dir - straight line, f/p - gnoll
Aim: a gnoll, wielding a spear (almost dead)
You shoot an arrow.
The arrow hits the gnoll but does no damage.
The gnoll is almost dead.
The gnoll hits you with a spear!
* * * LOW HITPOINT WARNING * * *
The gnoll hits you but does no damage.
You take 8 damage, and have 4/44 hp.
Firing (i - inventory):
d - 20 arrows (quivered)
Press: ? - help, Shift-Dir - straight line, f/p - gnoll
Aim: a gnoll, wielding a spear (almost dead)
You shoot an arrow. The arrow hits the gnoll.
You kill the gnoll!
The gnoll barely misses you.
Firing (i - inventory):
d - 19 arrows (quivered)
Press: ? - help, Shift-Dir - straight line, f - gnoll
Aim: a gnoll You shoot an arrow.
The arrow hits the gnoll!
The gnoll is severely wounded.
The gnoll hits you.
You die...

##...... ##...##
##..# ###..#
##.#..##
###########......#
#..............#.#
#)#...#.........<#
#@#.#...####.###.#
#g#.##### ### #.#
#....# #.# ###..#
#####.# #...#
#...... #.#.##
#.###.. #....##
###.###.# #.#.#.#
#........
#.#.#.###.#.###.#


You could see a gnoll.

Vanquished Creatures
  The ghost of Monsterracer the Firebug, an amateur OpFE (D:3)
  A gnoll (D:3)
  4 adders (D:2)
  A worm (D:2)
  2 dart slugs (D:1)
  3 leopard geckos
  7 orcs
  7 bats
  4 giant cockroaches
  8 goblins
  11 hobgoblins
  9 jackals
  3 quokkas
  A ball python (D:2)
  3 frilled lizards
  6 kobolds
  12 rats
83 creatures vanquished.

Notes
Turn   | Place    | Note
-------+----------+-------------------------------------------
     0 | D:1      | Monsterracer the Demigod Arcane Marksman began the quest for the Orb.
     0 | D:1      | Reached XP level 1. HP: 15/15 MP: 4/4
     7 | D:1      | Reached skill level 1 in Fighting
    22 | D:1      | Reached skill level 2 in Bows
    85 | D:1      | HP: 7/16 [jackal (2)]
    93 | D:1      | HP: 3/16 [jackal (3)]
    95 | D:1      | HP: 1/16 [bat (1)]
   129 | D:1      | Reached XP level 2. HP: 4/23 MP: 5/5
   636 | D:1      | HP: 11/23 [leopard gecko (2)]
   641 | D:1      | HP: 4/23 [leopard gecko (2)]
  1196 | D:1      | Reached XP level 3. HP: 24/29 MP: 6/6
  1211 | D:1      | Learned a level 3 spell: Portal Projectile
  1256 | D:1      | Reached skill level 3 in Bows
  1725 | D:2      | Reached XP level 4. HP: 34/36 MP: 8/8
  2538 | D:3      | HP: 18/36 [orc/falchion of slicing (1)]
  2726 | D:3      | Noticed Monsterracer's ghost (amateur OpFE)
  2784 | D:3      | HP: 18/37 [Monsterracer's ghost/flame tongue (12)]
  2789 | D:3      | HP: 10/37 [Monsterracer's ghost/flame tongue (11)]
  2790 | D:3      | HP: 2/37 [Monsterracer's ghost (4)]
  2892 | D:2      | Reached skill level 4 in Bows
  3009 | D:3      | Killed Monsterracer's ghost
  3009 | D:3      | Reached XP level 5. HP: 44/44 MP: 9/9
  3388 | D:3      | HP: 20/44 [gnoll/spear (5)]
  3391 | D:3      | HP: 4/44 [gnoll/spear (8)]
  3393 | D:3      | Slain by a gnoll

Skill      XL: |  1  2  3  4 |
---------------+-------------+-----
Fighting       | 1 2 |  2.9
Bows           | 2 3 4 |  4.5
Dodging        | |  1.8
Spellcasting   | |  1.0
Hexes          | |  2.6

Action                   |  1- 3 |  4- 6 || total
-------------------------+-------+-------++-------
Melee: Unarmed           |    73 |       ||    73
       Dagger            |   110 |    54 ||   164
       Falchion          |       |    59 ||    59
 Fire: Shortbow          |    59 |    32 ||    91
  Eat: Chunk             |     3 |     4 ||     7
Armor: Robe              |    16 |       ||    16
       Ring mail         |    66 |    54 ||   120
Dodge: Dodged            |   163 |    91 ||   254
       Rpst.: Falchion   |       |    16 ||    16

Vault maps used:
D:1:      dpeg_chamrin_arrival_tetris
D:2:      first_ration
D:4:      serial_shops, shop, uniq_robin
